 Dungeon Crawl Stone Soup version 0.25.1-2-g60ff931df9 (webtiles) character file.

Game seed: 8316699478482372130

1448 gruber the Merchant of Misery (level 8, -5/52 HPs)
             Began as a Demonspawn Necromancer on Sept 21, 2020.
             Was a Believer of Kikubaaqudgha.
             Shot with a sling bullet by Joseph (8 damage)
             ... on level 7 of the Dungeon.
             The game lasted 00:15:42 (8609 turns).

gruber the Merchant of Misery (DsNe)                Turns: 8609, Time: 00:15:42

Health: -5/52      AC: 10    Str:  9    XL:     8   Next: 46%
Magic:  26/26      EV: 12    Int: 19    God:    Kikubaaqudgha [**....]
Gold:   222        SH:  0    Dex: 13    Spells: 6/19 levels left

rFire    . . .     SeeInvis .   E - +1 whip (venom)
rCold    . . .     Gourm    .   (no shield)
rNeg     . . .     Faith    .   a - +0 robe
rPois    +         Spirit   .   r - +2 helmet
rElec    .         Reflect  .   b - +0 cloak
rCorr    .         Harm     .   m - +0 pair of gloves
MR       +....                  s - +0 pair of boots
Stlth    ++........             (no amulet)
HPRegen  0.17/turn              w - ring of magical power
MPRegen  0.20/turn              F - ring of protection from magic

@: no status effects
A: thin metallic scales 1, demonic guardian 1, poison resistance, powered by
pain 1
a: Receive Corpses, Renounce Religion


You were on level 7 of the Dungeon.
You worshipped Kikubaaqudgha.
Kikubaaqudgha was pleased with you.
You were not hungry.

You visited 2 branches of the dungeon, and saw 8 of its levels.
You also visited: Sewer.

You collected 222 gold pieces.

Inventory:

Hand Weapons
 o - a +0 dagger of freezing
 B - a +3 falchion
 E - a +1 whip of venom (weapon)
Armour
 a - a +0 robe (worn)
 b - a +0 cloak (worn)
 m - a +0 pair of gloves (worn)
 r - a +2 helmet (worn)
 s - a +0 pair of boots (worn)
 z - a +0 buckler
Jewellery
 w - a ring of magical power (left hand)
 F - a ring of protection from magic (right hand)
Wands
 x - a wand of acid (5)
 y - a wand of iceblast (8)
 C - a wand of random effects (22)
Scrolls
 d - a scroll of immolation {unknown}
 f - 3 scrolls of teleportation
 g - 2 scrolls of remove curse {unknown}
 j - 3 scrolls of magic mapping {unknown}
 k - 4 scrolls of blinking {unknown}
 l - 3 scrolls of enchant weapon {unknown}
 q - 5 scrolls of identify {unknown}
 t - 4 scrolls of fog {unknown}
 v - a scroll of noise {unknown}
 A - a scroll of amnesia {unknown}
Potions
 e - 5 potions of haste
 h - 3 potions of magic {unknown}
 i - a potion of resistance
 n - 3 potions of curing
 p - 3 potions of flight {unknown}
 u - 3 potions of heal wounds {unknown}
 D - a potion of lignification {unknown}
 G - a potion of brilliance {unknown}
Comestibles
 c - 12 rations


   Skills:
 - Level 1.7 Dodging
 - Level 1.7 Stealth
 - Level 6.3 Spellcasting
 * Level 10.0 Necromancy


You had 6 spell levels left.
You knew the following spells:

 Your Spells              Type           Power        Failure   Level  Hunger
a - Pain                  Necr           ####         1%          1    None
b - Animate Skeleton      Necr           N/A          1%          1    None
c - Vampiric Draining     Necr           #####.....   1%          3    ##.....
d - Animate Dead          Necr           N/A          1%          4    ####...
e - Sublimation of Blood  Necr           #####.....   1%          2    None
f - Corpse Rot            Necr/Air       N/A          1%          2    None

Your spell library contained the following spells:

 Spells                   Type           Power        Failure   Level  Hunger
 Agony                    Necr           #####...     4%          5    #####..


Dungeon Overview and Level Annotations

Branches:
Dungeon (7/15)             Temple (1/1) D:4           Sewer (visited)

Altars:
Ashenzari
Cheibriados
Elyvilon
Fedhas
Hepliaklqana
Kikubaaqudgha
Makhleb
Nemelex Xobeh
Okawaru
Qazlal
Ru
Sif Muna
Trog
Uskayaw
Wu Jian
Xom
Yredelemnul
Zin

Annotations:
D:3 Grinder
D:7 Joseph


Innate Abilities, Weirdness & Mutations

You are partially covered in thin metallic scales. (AC +2)
A weak demonic guardian rushes to your aid.
You sometimes gain a little power by taking damage.
Your system is resistant to poisons. (rPois)


Message History

You see here a sling bullet.
Joseph shoots a sling bullet.
The sling bullet hits you! The sling bullet freezes you.
Joseph zaps a wand.
The puff of flame hits you.
You see here a sling bullet.
Joseph zaps a wand.
The puff of flame hits your shadow imp!
You see here a sling bullet.
Joseph shoots a sling bullet.
The sling bullet hits your shadow imp!
Your shadow imp dies!
You see here a sling bullet.
Your iron imp hits Joseph.
Things that are here:
a +0 hand axe; a +0 dagger
There is a stone staircase leading up, spattered with blood here.
Joseph shoots a sling bullet.
The sling bullet hits you!
* * * LOW HITPOINT WARNING * * *
You focus on the pain.
You feel your power returning.
Magic restored.
The sling bullet freezes you!
You die...
Kikubaaqudgha rasps: "You have failed me!
Welcome... death!"

##...## #.......#
##....._.##
#..........
#....⌠....#
#.........#
#######.._.....#
#5.............#
#.@)(((.(....##
#.[##..)#5#..####.
#..##....@$.......
#..##...##[..$....
#..###.###.#..#...
#......###[#..#...
#..###.#..>.......
#.## ##......###..
#.# ##
##..........


You could see Joseph, a friendly iron imp (summoned) and a friendly quasit
(summoned, wandering).

Vanquished Creatures
  An ogre (D:6)
  A centaur (D:6)
  2 bullfrogs
  A scorpion (D:5)
  A hound (D:4)
  An orc wizard (D:7)
  4 orc priests
  Ijyb (D:4)
  An iguana (D:3)
  7 worker ants
  9 gnolls
  9 adders
  4 river rats (Sewer)
  An ooze (D:4)
  3 adder skeletons
  2 adder zombies (D:5)
  3 worms
  A dart slug (D:2)
  8 leopard geckos
  25 orcs
  10 ball pythons
  4 giant cockroaches
  5 goblins
  4 hobgoblins
  7 jackals
  3 kobolds
  A quokka (D:2)
  6 bats
  10 frilled lizards
  A quokka skeleton (D:6)
  31 rats
167 creatures vanquished.

Vanquished Creatures (collateral kills)
  An ice beast (D:6)
  2 ogres
  A bullfrog (Sewer)
  A crimson imp (D:5)
  A hound (D:5)
  An orc priest (D:3)
  An orc wizard (D:7)
  Terence (D:2)
  2 gnolls (D:2)
  2 adders (Sewer)
  2 orcs
  3 ball pythons (Sewer)
  A giant cockroach (D:4)
  A giant cockroach zombie (D:5)
  A leopard gecko skeleton (D:5)
  A leopard gecko zombie (D:6)
  2 rats (Sewer)
24 creatures vanquished.

Vanquished Creatures (others)
  An orc (D:4)
1 creature vanquished.

Grand Total: 192 creatures vanquished

Notes
Turn   | Place    | Note
-------+----------+-------------------------------------------
     0 | D:1      | gruber the Demonspawn Necromancer began the quest for the
                  | Orb.
     0 | D:1      | Reached XP level 1. HP: 13/13 MP: 3/3
   244 | D:1      | Gained mutation: A weak demonic guardian rushes to your
                  | aid. [demonic ancestry]
   244 | D:1      | Reached XP level 2. HP: 15/19 MP: 3/5
   336 | D:1      | Reached skill level 5 in Necromancy
  1217 | D:2      | Learned a level 1 spell: Animate Skeleton
  1386 | D:2      | Reached XP level 3. HP: 22/24 MP: 3/6
  1442 | D:2      | Reached skill level 6 in Necromancy
  1771 | D:2      | Gained mutation: You are partially covered in thin metallic
                  | scales. (AC +2) [demonic ancestry]
  1771 | D:2      | Reached XP level 4. HP: 30/30 MP: 5/7
  1828 | D:2      | Noticed Terence
  1833 | D:2      | Killed Terence
  2375 | D:3      | Reached skill level 7 in Necromancy
  2375 | D:3      | Reached XP level 5. HP: 33/35 MP: 4/8
  2709 | D:3      | Learned a level 3 spell: Vampiric Draining
  2735 | D:3      | Noticed Grinder
  2848 | D:3      | Paralysed by Grinder for 3 turns
  3202 | D:4      | Found a glowing drain.
  3247 | Sewer    | Entered a sewer
  3406 | Sewer    | Reached skill level 8 in Necromancy
  3406 | Sewer    | Gained mutation: You sometimes gain a little power by
                  | taking damage. [demonic ancestry]
  3406 | Sewer    | Reached XP level 6. HP: 13/41 MP: 0/9
  3731 | Sewer    | Gained mutation: You evolve. [potion of mutation]
  3731 | Sewer    | Gained mutation: Your system is resistant to poisons.
                  | (rPois) [potion of mutation]
  4486 | D:4      | Found a staircase to the Ecumenical Temple.
  4549 | Temple   | Entered the Ecumenical Temple
  4794 | Temple   | Became a worshipper of Kikubaaqudgha
  4850 | D:4      | Learned a level 4 spell: Animate Dead
  4902 | D:4      | Reached skill level 9 in Necromancy
  4961 | D:4      | Found a bloodstained altar of Trog.
  5042 | D:4      | Reached XP level 7. HP: 39/46 MP: 0/10
  5205 | D:4      | Noticed Ijyb
  5256 | D:3      | Lost mutation: You evolve. [evolution]
  5558 | D:4      | Killed Ijyb
  5827 | D:5      | Entered Level 5 of the Dungeon
  5892 | D:5      | Reached * piety under Kikubaaqudgha
  5892 | D:5      | Identified Kikubaaqudgha's Papyrus of Dark Magic
                  | (Kikubaaqudgha gifted it to you on level 5 of the Dungeon)
  5892 | D:5      | Received a gift from Kikubaaqudgha
  5899 | D:5      | Learned a level 2 spell: Sublimation of Blood
  5902 | D:5      | Learned a level 2 spell: Corpse Rot
  6391 | D:5      | Reached skill level 5 in Spellcasting
  6721 | D:5      | Found a stormy altar of Qazlal.
  6890 | D:6      | Reached XP level 8. HP: 24/52 MP: 10/16
  7480 | D:6      | Found a sparkling altar of Nemelex Xobeh.
  7891 | D:7      | Found a basalt altar of Yredelemnul.
  7895 | D:7      | Found a shimmering blue altar of Sif Muna.
  7909 | D:7      | Reached ** piety under Kikubaaqudgha
  8141 | D:7      | Noticed Joseph
  8142 | D:7      | Reached skill level 10 in Necromancy
  8609 | D:7      | Shot with a sling bullet by Joseph

Illustrated notes

Levels and vault maps discovered:
D:1:      minmay_arrival_diagonal_passages, layout_rooms, minmay_close_crescents
D:2:      layout_loops_ring, uniq_terence
D:3:      layout_rooms, uniq_grinder
D:4:      layout_basic, minmay_temple_entry_wispy, gup_sewer_entry_pipe,
          trog_three_pillars_becter, uniq_ijyb
D:5:      layout_cave_pools, nicolae_qazlal_eye_of_the_storm, first_ration
D:6:      layout_rooms, nemelex_xobeh_ov_fountains_minmay
D:7:      layout_loops_ring, grunt_temple_overflow_open, serial_shops,
          nicolae_shop_statue_plus, grunt_ogre_cave, minmay_misc_feat_doors,
          uniq_joseph, uniq_menkaure
Temple:   eino_narrow_crystal_temple

Skill      XL: |  1  2  3  4  5  6  7  8 |
---------------+-------------------------+-----
Necromancy     | 5 6 7 8 9 10 | 10.0
Spellcasting   | 5 6 |  6.3
Dodging        | |  1.7
Stealth        | |  1.7

Action                   |  1- 3 |  4- 6 |  7- 9 || total
-------------------------+-------+-------+-------++-------
Melee: Unarmed           |    29 |       |       ||    29
       Dagger            |       |    66 |    83 ||   149
       Falchion          |       |       |     8 ||     8
       Whip              |       |       |    58 ||    58
 Cast: Pain              |    47 |   137 |   115 ||   299
       Animate Skeleton  |       |    10 |     5 ||    15
       Vampiric Draining |       |     2 |    15 ||    17
       Animate Dead      |       |       |     6 ||     6
       Corpse Rot        |       |       |     6 ||     6
  Use: Potion            |       |     5 |       ||     5
       Scroll            |       |     1 |       ||     1
 Stab: Distracted        |       |     1 |       ||     1
       Sleeping          |       |       |     1 ||     1
  Eat: Chunk             |     3 |    13 |     7 ||    23
       Ration            |       |       |     2 ||     2
Armor: Robe              |     6 |    92 |    74 ||   172
Dodge: Dodged            |    29 |   128 |   129 ||   286
       Rpst.: Falchion   |       |       |     4 ||     4
